 Dungeon Crawl Stone Soup version 0.31-a0-544-gceb718ecc6 (webtiles) character file.

Game seed: 15659754113748788617

1606588 PaperRat the Storm Dragon (level 25, 233/233 HPs)
             Began as a Pale Draconian Conjurer on Aug 15, 2023.
             Was an Initiate of Gozag.
             Escaped with the Orb
             ... and 3 runes on Aug 17, 2023!
             The game lasted 05:36:41 (71780 turns).

PaperRat the Storm Dragon (DrCj)                   Turns: 71780, Time: 05:36:42

Health: 233/233    AC: 26    Str: 23 (24) XL:     25   Next: 40%
Magic:  42/42      EV: 24    Int: 27 (29) God:    Gozag
Gold:   1668       SH: 21    Dex: 24 (25) Spells: 4/54 levels left

rFire   + + .        w - +18 lance "Wyrmbane" {slay drac, rPois rF+ rC+ AC+3}
rCold   + + +        W - +5 kite shield {rC+}
rNeg    + + .        (body armour unavailable)
rPois   +            G - +2 hat "Vaoxku" {rPois Str+6}
rElec   +            f - +2 cloak {Will+}
rCorr   +            v - +0 pair of gloves of Limm {Will+ SInv}
SInv    +            r - +4 pair of boots of Vouf {Rampage rCorr Str+5 Int+2}
Will    ++++.        Q - amulet of magic regeneration
Stlth   ++           q - ring of Vibbymio {rC+ rN++ Str+3 Dex+6}
HPRegen 0.58/turn    a - ring "Jezomod" {rElec rF+ Will+ Dex+6, =R}
MPRegen 0.68/turn

%: rampage
@: studying 2 skills, bribing [the Dungeon, the Realm of Zot, the Depths]
A: breathe steam, AC +12, unfitting armour, cold-blooded, steam resistance
0: Orb of Zot
}: 3/15 runes: decaying, serpentine, silver
a: Breathe Steam, Renounce Religion, Potion Petition, Call Merchant, Bribe
Branch


You escaped.
You worshipped Gozag.
Gozag was most pleased with you.
You visited 10 branches of the dungeon, and saw 48 of its levels.
You visited 1 bazaar.
You also visited: Trove, Bailey, Gauntlet, Ice Cave and Volcano.

You collected 29545 gold pieces.
You spent 7786 gold pieces at shops.
You paid 20091 gold pieces to Gozag.

Inventory:

Hand Weapons
 w - the +18 lance "Wyrmbane" (weapon) {slay drac, rPois rF+ rC+ AC+3}
   (You found it in a Gauntlet)

   AC+3:      It affects your AC (+3).
   rF+:       It protects you from fire.
   rC+:       It protects you from cold.
   rPois:     It protects you from poison
 O - the +3 mace "Noeclapt" {drain, rC+ Dex+5}
   (You took it off a draconian scorcher on level 3 of the Realm of Zot)

   Dex+5:     It affects your dexterity (+5).
   rC+:       It protects you from cold.
Missiles
 F - 3 curare-tipped darts (quivered)
 S - 2 throwing nets {!f}
Armour
 f - a +2 cloak of willpower (worn)
 r - the +4 pair of boots of Vouf (worn) {Rampage rCorr Str+5 Int+2}
   (You acquired it on level 2 of the Orcish Mines)

   Str+5:     It affects your strength (+5).
   Int+2:     It affects your intelligence (+2).
   rCorr:     It protects you from acid and corrosion.
   Rampage:   It bestows one free step when moving towards enemies.
 v - the +0 pair of gloves of Limm (worn) {Will+ SInv}
   (You acquired it on level 1 of the Elven Halls)

   Will+:     It increases your willpower.
   SInv:      It lets you see invisible.
 G - the +2 hat "Vaoxku" (worn) {rPois Str+6}
   (You acquired it on level 11 of the Dungeon)

   Str+6:     It affects your strength (+6).
   rPois:     It protects you from poison
 I - the +0 pair of fencer's gloves {Riposte Dex+3}
   (You found it on level 1 of the Depths)

   Riposte:   It allows the wearer to riposte with melee weapons, swiftly
   retaliating against missed or blocked melee attacks.
   Dex+3:     It affects your dexterity (+3).
 W - a +5 kite shield of cold resistance (worn)
Jewellery
 a - the ring "Jezomod" (right hand) {rElec rF+ Will+ Dex+6, =R}
   (You found it in a treasure trove)

   [ring of dexterity]

   Dex+6:     It affects your dexterity (+6).
   rF+:       It protects you from fire.
   rElec:     It insulates you from electricity.
   Will+:     It increases your willpower.
 q - the ring of Vibbymio (left hand) {rC+ rN++ Str+3 Dex+6}
   (You found it in a treasure trove)

   [ring of dexterity]

   Str+3:     It affects your strength (+3).
   Dex+6:     It affects your dexterity (+6).
   rC+:       It protects you from cold.
   rN++:      It greatly protects you from negative energy.
 s - the ring "Buck" {+Blink rCorr}
   (You found it in a treasure trove)

   [ring of resist corrosion]

   +Blink:    It lets you blink.
   rCorr:     It protects you from acid and corrosion.
 x - the ring "Wunenu" {rF+ rCorr AC+4}
   (You bought it in a shop in a bazaar)

   [ring of protection]

   AC+4:      It affects your AC (+4).
   rF+:       It protects you from fire.
   rCorr:     It protects you from acid and corrosion.
 M - the ring of Creativity {Wiz Will+ rCorr Int+2 Dex-4}
   (You found it on level 3 of the Depths)

   [ring of wizardry]

   Wiz:       It improves your spell success rate.
   Int+2:     It affects your intelligence (+2).
   Dex-4:     It affects your dexterity (-4).
   Will+:     It increases your willpower.
   rCorr:     It protects you from acid and corrosion.
 Q - an amulet of magic regeneration (around neck)
Wands
 b - a wand of iceblast (29)
 c - a wand of acid (38)
 d - a wand of digging (39)
 m - a wand of polymorph (45)
 n - a wand of charming (52)
 z - a wand of mindburst (27)
Scrolls
 h - 10 scrolls of fear {@r4}
 k - 8 scrolls of fog {@r2}
 u - 6 scrolls of poison
 y - 12 scrolls of vulnerability
 A - 21 scrolls of teleportation {@r3}
 E - 12 scrolls of blinking {@r5}
 K - 9 scrolls of immolation
 L - 3 scrolls of silence
 N - 7 scrolls of amnesia
 U - a scroll of enchant armour
 Y - 3 scrolls of summoning
Potions
 e - 3 potions of cancellation
 i - 7 potions of haste {@q4}
 j - 4 potions of ambrosia
 l - 6 potions of mutation {@q7}
 o - 5 potions of might {@q3}
 p - 31 potions of curing {@q1}
 t - 6 potions of enlightenment {@q6}
 D - 3 potions of invisibility
 H - 7 potions of magic
 J - 7 potions of resistance
 P - 18 potions of heal wounds {@q2}
 R - 2 potions of brilliance {@q5}
 T - 11 potions of lignification
Miscellaneous
 B - a phantom mirror
 C - a condenser vane
 V - a lightning rod (4/4)
 X - a box of beasts
 Z - a phial of floods


   Skills:
 + Level 20.5 Fighting
 - Level 12.0 Polearms
 + Level 14.3 Dodging
 + Level 8.7 Stealth
 - Level 16.0 Shields
 - Level 15.0 Spellcasting
 - Level 12.0 Conjurations
 - Level 5.0 Hexes
 - Level 6.0 Translocations
 - Level 16.0 Ice Magic
 O Level 27 Air Magic
 + Level 14.4 Evocations


You had 4 spell levels left.
You knew the following spells:

 Your Spells              Type           Power      Damage    Failure   Level
a - Airstrike             Air            52%        2d(8-24)  0%          4
b - Ozocubu's Refrigerat  Ice            41%        4d16      4%          7
c - Summon Lightning Spi  Summ/Air       75%        N/A       1%          4
d - Freezing Cloud        Conj/Ice/Air   43%        6-21      1%          5
e - Passage of Golubria   Tloc           51%        N/A       3%          4
g - Passwall              Tmut/Erth      16%        N/A       5%          2
i - Arcjolt               Conj/Air       45%        1d55      1%          5
q - Iskenderun's Mystic   Conj/Tloc      62%        2d13      1%          4
s - Maxwell's Capacitive  Air            52%        ∞         1%          8
t - Blink                 Tloc           100%       N/A       1%          2
x - Fulminant Prism       Conj/Hex       30%        3d15      1%          4
z - Apportation           Tloc           100%       N/A       1%          1

Your spell library contained the following spells:

 Spells                   Type           Power      Damage    Failure   Level
 Freeze                   Ice            100%       1d10      0%          1
 Shock                    Conj/Air       100%       1d9       0%          1
 Static Discharge         Conj/Air       100%       2-7/arc   0%          2
 Frozen Ramparts          Ice            100%       1d16      0%          3
 Ozocubu's Armour         Ice            82%        N/A       0%          3
 Swiftness                Air            100%       N/A       0%          3
 Vhi's Electric Charge    Tloc/Air       100%       N/A       0%          3
 Foxfire                  Conj/Fire      100%       2x1d9     1%          1
 Kiss of Death            Conj/Necr      100%       2d13      1%          1
 Magic Dart               Conj           100%       1d8       1%          1
 Slow                     Hex            100%       N/A       1%          1
 Cigotuvi's Dreadful Rot  Necr/Pois/Air  100%       N/A       1%          2
 Ensorcelled Hibernation  Hex/Ice        100%       N/A       1%          2
 Lesser Beckoning         Tloc           100%       N/A       1%          2
 Momentum Strike          Conj/Tloc      100%       3d10      1%          2
 Poisonous Vapours        Pois/Air       100%       N/A       1%          2
 Searing Ray              Conj           100%       2d8       1%          2
 Confusing Touch          Hex            47%        N/A       1%          3
 Dazzling Flash           Conj/Hex       100%       N/A       1%          3
 Gell's Gravitas          Tloc           51%        N/A       1%          3
 Hailstorm                Conj/Ice       77%        3d16      1%          3
 Mephitic Cloud           Conj/Pois/Air  74%        N/A       1%          3
 Portal Projectile        Hex/Tloc       98%        N/A       1%          3
 Stone Arrow              Conj/Erth      100%       3d13      1%          3
 Teleport Other           Tloc           51%        N/A       1%          3
 Summon Ice Beast         Ice/Summ       59%        N/A       1%          4
 Necrotise                Necr           80%        1d8       3%          1
 Sandblast                Erth           40%        2d10      3%          1
 Sting                    Tmut/Pois      80%        1d7       3%          1
 Summon Small Mammal      Summ           80%        N/A       3%          1
 Flame Wave               Conj/Fire      51%        2d13      3%          4
 Manifold Assault         Tloc           51%        N/A       3%          4
 Sticky Flame             Conj/Fire      51%        2d7       3%          4
 Summon Guardian Golem    Hex/Summ       33%        N/A       4%          3
 Cause Fear               Hex            23%        N/A       4%          4
 Call Imp                 Summ           40%        N/A       5%          2
 Scorch                   Fire           40%        2d6       5%          2
 Sublimation of Blood     Necr           20%        N/A       5%          2
 Wereblood                Tmut           20%        N/A       5%          2
 Call Canine Familiar     Summ           20%        N/A       11%         3
 Ignite Poison            Fire/Tmut/Pois 20%        N/A       11%         3
 Vampiric Draining        Necr           20%        2d7       11%         3
 Anguish                  Hex/Necr       16%        N/A       13%         4
 Leda's Liquefaction      Hex/Erth       16%        N/A       13%         4
 Olgreb's Toxic Radiance  Pois           20%        N/A       36%         4
 Iskenderun's Battlesphe  Conj           71%        2d12      1%          5
 Silence                  Hex/Air        41%        N/A       1%          5
 Orb of Destruction       Conj           35%        9d10      22%         7
 Summon Mana Viper        Hex/Summ       33%        N/A       36%         5
 Leda's Unmaking          Conj/Erth      25%        9d5       43%         6
 Starburst                Conj/Fire      25%        6d8       43%         6
 Agony                    Necr           20%        N/A       71%         5
 Spellforged Servitor     Conj/Summ      25%        N/A       95%         7
 Summon Cactus Giant      Summ           10%        N/A       99%         6
 Enfeeble                 Hex            23%        N/A       99%         7
 Malign Gateway           Summ/Tloc      18%        N/A       100%        7
 Monstrous Menagerie      Summ           10%        N/A       100%        7
 Ignition                 Fire           10%        3d5       100%        8
 Infestation              Necr           10%        N/A       100%        8
 Lehudib's Crystal Spear  Conj/Erth      25%        10d7      100%        8
 Summon Horrible Things   Summ           10%        N/A       100%        8
 Animate Armour           Summ/Erth      Unusable   N/A       N/A         4
 Simulacrum               Ice/Necr       Unusable   N/A       N/A         6

Dungeon Overview and Level Annotations

Branches:
Dungeon (15/15)            Temple (1/1) D:7            Lair (5/5) D:11
  Swamp (4/4) Lair:3        Snake (4/4) Lair:2        Slime (0/5) Lair:5
    Orc (2/2) D:9             Elf (3/3) Orc:2        Vaults (5/5) D:14
  Crypt (0/3) Vaults:2     Depths (4/4) D:15            Zot (5/5) Depths:4
 Bailey (visited)           IceCv (visited)         Volcano (visited)
Gauntlet (visited)

Altars:
Ashenzari
Cheibriados
Dithmenos
Elyvilon
Fedhas
Gozag
Hepliaklqana
Kikubaaqudgha
Makhleb
Nemelex Xobeh
Okawaru
Qazlal
Ru
Sif Muna
Trog
Uskayaw
Vehumet
Wu Jian
Xom
Yredelemnul
Zin
The Shining One
Jiyva

Shops:
D:3 (   D:8 *(   D:10 (   D:11 *?:**?(*   Orc:1 !   Orc:2 *!!?   Snake:1 [
Vaults:1 (   Depths:4 ?(

Portals:
Hell: Depths:1 Depths:2 Depths:3 Depths:4
Abyss: Depths:3
Pandemonium: Depths:2
Ziggurat: Depths:4

Annotations:
D:5 dig
Depths:3 2 transporters


Innate Abilities, Weirdness & Mutations

You can breathe blasts of scalding, opaque steam.
Your pale cyan-grey scales are hard. (AC +12)
You cannot fit into any form of body armour.
You are cold-blooded and may be slowed by cold attacks.
You are immune to the effects of steam.


Message History

There is a stone staircase leading down here.
There is an open door here.
There is a stone staircase leading up here.
You climb upwards.
There is a stone staircase leading down here.
You see here a scroll of noise.
The green death stares, then turns away, jangling a coin purse.
A green death comes into view.
There is an open door here.
There is an open door here.
You no longer have enough gold to fund merchants seeking to open stores in the dungeon.
You no longer have enough gold to bribe branches to halt enemies' attacks and recruit allies.
Gozag spreads your bribe to the Dungeon!
There is an open door here.
There is an open door here.
There is an open door here.
There is an open door here.
There is an open door here.
There is an open door here.
There is a stone staircase leading up here.
You climb upwards.
Level annotation: dig
There is a stone staircase leading down here.
There is a stone staircase leading up here.
You climb upwards.
There is a stone staircase leading down here.
There is a stone staircase leading up here.
You climb upwards.
There is a stone staircase leading down here.
There is a stone staircase leading up here.
You climb upwards.
There is a stone staircase leading down here.
There is a stone staircase leading up here.
You climb upwards.
There is a stone staircase leading down here.
You see here a +0 dagger.
There is an open door here.
There is an open door here.
There is a staircase leading out of the dungeon here.
You have escaped!

##.. #... #..# ####
### ##### ######
##.. ##...##
#.##.####...
#.....###....#...###
#..@...........### #
##...#.######..# #
####### #'## # ##'##
## ###.###.
##....#.. #####
#.##.....
##...####.###...#
#..⌠..##..#..#..#


There were no monsters in sight!

Vanquished Creatures
  A dread lich (Depths:4)
  3 orbs of fire
  The ghost of Sofait the Black Belt, a legendary GnFE of Okawaru (Zot:3)
  2 juggernauts (Depths:3)
  Sojobo (Depths:3)
  The ghost of Netemen the Sluggish Gnoll, a master GnFi of Cheibriados (Zot:3)
  3 Killer Klowns
  the Lernaean hydra (Swamp:4)
  A curse toe (Zot:3)
  15 golden dragons
  A bone dragon (Depths:4)
  3 electric golems
  16 tentacled monstrosities
  Rupert (Lair:5)
  9 titans
  7 liches
  10 Orb Guardians (Zot:5)
  2 deep elf blademasters (Elf:3)
  A deep elf master archer (Elf:3)
  8 quicksilver dragons
  A sphinx (Vaults:1)
  20 shadow dragons
  2 death cobs
  14 storm dragons
  10 tengu reavers
  3 draconian knights
  2 fenstrider witches
  3 draconian monks
  A demonspawn warmonger (Zot:4)
  3 nagarajas (Snake:4)
  17 vault wardens
  12 frost giants
  A fire giant (shapeshifter) (Vaults:5)
  10 fire giants
  5 deep elf sorcerers
  2 iron dragons
  A deep elf elementalist (Elf:3)
  Louise (Snake:3)
  5 draconian scorchers
  3 ghost moths
  2 angels (Depths:4)
  4 draconian shifters
  3 formless jellyfish
  A draconian stormcaller (Depths:4)
  2 reapers
  3 war gargoyles
  2 draconian annihilators
  2 ironbound thunderhulks
  4 ghouls
  15 stone giants
  9 very ugly things
  5 orc warlords
  2 spriggan defenders
  23 ironbound preservers
  5 green draconians
  5 eleionomae
  The ghost of Onasuila the Severer, a journeyman HOFi of Okawaru (D:14)
  A vampire knight (Depths:1)
  4 red draconians
  2 demonspawn black suns (Zot:3)
  17 dire elephants
  9 deep elf annihilators (Elf:3)
  7 black draconians
  A bunyip (Swamp:4)
  4 deep elf demonologists (Elf:3)
  7 yellow draconians
  9 purple draconians
  A minotaur (Gauntlet)
  8 white draconians
  7 spark wasps
  9 deep elf death magi
  Josephine (D:13)
  A blizzard demon (Depths:4)
  11 ettins
  9 fire dragons
  11 great orbs of eyes
  3 rakshasas
  10 yaktaur captains
  4 deep elf high priests
  2 entropy weavers
  2 hell beasts (Depths:4)
  37 vault guards
  A salamander tyrant (Snake:4)
  19 hydras
  2 ghost crabs
  5 ice dragons
  2 spriggan air magi
  7 ironbound frosthearts
  4 peacekeepers
  18 two-headed ogres
  A boulder beetle (shapeshifter) (Depths:2)
  8 ogre magi
  9 anacondas
  3 death yaks (D:11)
  A sphinx zombie (D:15)
  2 boulder beetles
  3 death knights
  10 centaur warriors
  16 alligators
  7 deep troll shamans
  6 deep troll earth magi
  5 tengu warriors
  9 naga warriors
  2 vampire magi
  3 spriggan berserkers
  5 orc high priests
  23 dancing weapons
  22 hell knights
  6 naga sharpshooters
  A shock serpent (shapeshifter) (Vaults:5)
  7 shock serpents
  21 deep elf knights
  Amaemon (D:8)
  2 iron trolls
  3 skysharks (Lair:5)
  16 spriggans
  2 skeletal warriors (D:15)
  A death drake (Swamp:4)
  4 goliath frogs
  7 salamander mystics
  2 golden dragon zombies
  2 glowing orange brains
  4 spriggan druids
  A large abomination (D:8)
  2 sea snakes (Snake:2)
  5 naga ritualists
  64 deep trolls
  A flayed ghost (Depths:4)
  7 necromancers
  12 lindwurms
  9 swamp dragons
  A lindwurm (shapeshifter) (Vaults:5)
  15 bog bodies
  12 deep elf archers
  32 deep elf pyromancers
  8 phantasmal warriors
  6 wizards
  4 harpies (Vaults:3)
  An iron dragon zombie (Depths:1)
  12 orc knights
  14 ironbound convokers
  24 deep elf zephyrmancers
  A wolf spider (Lair:1)
  8 mana vipers
  A fire giant zombie (D:15)
  25 moths of wrath
  3 will-o-the-wisps
  An elephant (shapeshifter) (Vaults:5)
  28 ugly things
  4 orc sorcerers (Orc:2)
  16 salamanders
  5 elephants (Lair:4)
  4 manticores
  5 cyclopes
  5 guardian serpents
  15 naga magi
  28 black mambas
  A water nymph (shapeshifter) (Depths:3)
  22 vault sentinels
  An eye of devastation (Lair:5)
  An orange demon (D:8)
  2 ice statues (IceCv)
  3 gargoyles
  20 cane toads
  3 molten gargoyles
  2 unseen horrors
  4 kobold demonologists (D:12)
  A minotaur zombie (Gauntlet)
  30 yaktaurs
  A spriggan zombie (D:15)
  2 freezing wraiths
  7 rime drakes
  11 komodo dragons
  2 tengu conjurers
  A queen bee (Lair:5)
  4 bloated husks
  A hellwing (Gauntlet)
  A wolf spider simulacrum (D:15)
  3 meliai (Gauntlet)
  3 polar bears
  8 tyrant leeches
  8 trolls
  A wind drake (shapeshifter) (Elf:1)
  A hornet (shapeshifter) (Elf:3)
  Prince Ribbit (Bailey)
  20 hornets
  29 blink frogs
  38 slime creatures
  A stone giant simulacrum (Depths:1)
  11 wraiths
  A jumping spider (shapeshifter) (D:15)
  3 shadows
  An air elemental (Elf:3)
  A culicivora (shapeshifter) (Vaults:5)
  8 wyverns
  A vampire (D:13)
  33 yaks
  6 humans (Bailey)
  2 fire bats (Orc:1)
  6 basilisks
  2 steam dragons
  The ghost of TobyConnect the Insei, an amateur DsSh of Hepliaklqana (D:4)
  11 wargs
  23 vampire mosquitoes
  18 swamp worms
  40 nagas
  An acid dragon (D:8)
  Edmund (D:6)
  10 water moccasins
  3 floating eyes
  10 swamp drakes
  54 orc warriors
  A sky beast (D:7)
  3 black bears
  20 wolves
  An ice beast (shapeshifter) (D:14)
  12 centaurs
  17 ogres
  A boggart (Vaults:2)
  3 phantoms
  5 kobold brigands
  3 necrophages
  3 earth elementals
  A gnoll sergeant (D:8)
  22 bullfrogs
  3 scorpions
  4 troll zombies (D:9)
  2 lindwurm simulacra (IceCv)
  13 killer bees
  11 electric eels
  6 lava snakes
  6 komodo dragon simulacra (IceCv)
  4 hounds
  2 jellies
  A gnoll bouda (D:6)
  39 orc priests
  Natasha (thrice) (D:2)
  2 iguanas
  23 orc wizards
  2 hell rats (D:11)
  4 ogre zombies (D:9)
  A boggart simulacrum (D:14)
  10 gnolls
  7 acid dragon simulacra (IceCv)
  10 adders
  A river rat (D:11)
  3 white imps
  An ufetubus (D:6)
  6 steam dragon simulacra (IceCv)
  4 worms
  2 dart slugs
  98 orcs
  10 ball pythons
  6 endoplasms
  4 giant cockroaches
  11 goblins
  11 hobgoblins
  26 kobolds
  3 quokkas
  7 bats
  2 frilled lizards (D:1)
  A goblin skeleton (D:9)
  4 goblin zombies (D:9)
  A hobgoblin skeleton (D:9)
  2 hobgoblin zombies (D:9)
  3 orc skeletons (D:9)
  14 orc zombies (D:9)
  16 rats
2080 creatures vanquished.

Vanquished Creatures (collateral kills)
  An Orb Guardian (Zot:5)
  A deep elf master archer (Elf:3)
  2 nagarajas (Snake:4)
  A draconian scorcher (Zot:3)
  A ghost moth (Zot:5)
  An ironbound preserver (Vaults:1)
  A reaper (Gauntlet)
  2 bunyips
  A demonspawn black sun (Zot:3)
  A green draconian (Zot:5)
  A yaktaur captain (Vaults:1)
  A shambling mangrove (Swamp:2)
  A deep elf high priest (Vaults:5)
  A hydra (Swamp:2)
  An ogre mage (Vaults:5)
  An ironbound frostheart (Vaults:1)
  A naga warrior (Snake:4)
  A deep elf knight (Elf:2)
  2 orc knights (Vaults:2)
  A deep elf pyromancer (Elf:3)
  A salamander (Snake:4)
  2 black mambas (Snake:4)
  A tyrant leech (Swamp:4)
  2 hellwings (Gauntlet)
  2 hornets
  A spriggan (Swamp:4)
  A yak (D:9)
  3 nagas (Snake:4)
  A swamp worm (Swamp:3)
  A swamp drake (Swamp:4)
38 creatures vanquished.

Vanquished Creatures (others)
  An ancient lich (Zot:5)
  An orb of fire (Zot:5)
  A Killer Klown (Zot:5)
  An electric golem (Zot:5)
  6 Orb Guardians (Zot:5)
  A quicksilver dragon (Zot:3)
  A draconian monk (Zot:3)
  A white draconian (Zot:4)
  A hydra (Swamp:4)
  A lindwurm (Lair:5)
  A smoke demon (D:8)
  A minotaur zombie (Gauntlet)
  A fire bat (Orc:1)
  A yak (D:9)
  A swamp worm (Swamp:4)
  4 foxfires
  50 fulminant prisms
  A spectral weapon (Zot:5)
75 creatures vanquished.

Grand Total: 2193 creatures vanquished

Notes
Turn   | Place    | Note
-------+----------+-------------------------------------------
     0 | D:1      | PaperRat the Draconian Conjurer began the quest for the
                  | Orb.
     0 | D:1      | Reached XP level 1. HP: 14/14 MP: 3/3
   243 | D:1      | Reached skill level 1 in Fighting
   365 | D:1      | Reached XP level 2. HP: 24/24 MP: 3/5
   400 | D:1      | Learned a level 2 spell: Searing Ray
   907 | D:1      | Reached XP level 3. HP: 29/29 MP: 4/6
  1639 | D:2      | Noticed Natasha
  1848 | D:2      | Noticed an ogre
  2115 | D:2      | Reached XP level 4. HP: 36/36 MP: 4/7
  2145 | D:2      | Learned a level 4 spell: Fulminant Prism
  2970 | D:2      | Killed Natasha
  3025 | D:2      | Noticed Natasha
  3028 | D:2      | Killed Natasha
  3029 | D:2      | Reached skill level 1 in Hexes
  3029 | D:2      | Reached XP level 5. HP: 36/41 MP: 3/9
  3156 | D:2      | Found a faded altar of an unknown god.
  3237 | D:2      | Noticed Natasha
  3246 | D:2      | Killed Natasha
  3608 | D:3      | Found Ymmacs's Weapon Shop.
  3705 | D:3      | Noticed Ijyb
  4243 | D:3      | Found an ornate altar of the Wu Jian Council.
  4294 | D:4      | Noticed an ogre
  4399 | D:4      | Found a runed translucent door.
  4403 | D:4      | Noticed TobyConnect's ghost (amateur DsSh)
  4476 | D:4      | Reached skill level 5 in Conjurations
  4476 | D:4      | Reached skill level 1 in Evocations
  4535 | D:4      | Reached XP level 6. HP: 48/48 MP: 4/10
  5266 | D:4      | Found a shadowy altar of Dithmenos.
  5429 | D:3      | Ijyb changed into Ijyb the black bear
  5429 | D:3      | Noticed Ijyb
  5577 | D:3      | Killed Ijyb the black bear
  5941 | D:2      | Your scales start taking on a pale cyan-grey colour.
  5941 | D:2      | Reached XP level 7. HP: 55/55 MP: 5/11
  5941 | D:2      | Gained mutation: You are immune to the effects of steam.
                  | [Pale Draconian growth]
  6295 | D:5      | Entered Level 5 of the Dungeon
  6939 | D:6      | Identified the +2 leather armour "Gurr" {Int+2}
  7077 | D:6      | Reached XP level 8. HP: 62/63 MP: 6/12
  7348 | D:6      | Noticed Edmund
  7461 | D:6      | Reached skill level 5 in Hexes
  7492 | D:6      | Learned a level 4 spell: Iskenderun's Mystic Blast
  7797 | D:6      | Killed Edmund
  8438 | D:7      | Found a staircase to the Ecumenical Temple.
  8446 | Temple   | Entered the Ecumenical Temple
  8479 | Temple   | Became a worshipper of Gozag Ym Sagoz the Greedy
  8870 | D:7      | Reached skill level 5 in Fighting
  8998 | D:7      | Reached skill level 5 in Spellcasting
  8998 | D:7      | Reached XP level 9. HP: 74/74 MP: 7/16
  9278 | D:6      | Learned a level 5 spell: Iskenderun's Battlesphere
  9588 | D:7      | Found a shimmering altar of Xom.
  9589 | D:7      | Found an iron altar of Okawaru.
  9766 | D:4      | Killed TobyConnect's ghost
  9767 | D:4      | Reached skill level 1 in Translocations
  9999 | D:8      | Identified the +5 quarterstaff of Calculation {elec, rPois
                  | Int-5 SInv}
 10151 | D:8      | Found the +5 Force Lance {heavy, knockback}
 10219 | D:8      | Found Zin's Purification Station.
 10222 | D:8      | Found a glowing silver altar of Zin.
 10240 | D:8      | Found Yschy's Weapon Shop.
 10282 | D:8      | Noticed a cyclops
 10413 | D:8      | Killed a cyclops
 10455 | D:8      | Found a blossoming altar of Fedhas.
 10583 | D:8      | Found a broken altar of Ashenzari.
 10613 | D:8      | Noticed Amaemon
 10627 | D:8      | Killed Amaemon
 10724 | D:8      | Reached XP level 10. HP: 81/81 MP: 17/17
 10897 | D:8      | Noticed an orange demon
 10904 | D:8      | Killed an orange demon
 11362 | D:9      | Found an ancient bone altar of Kikubaaqudgha.
 11362 | D:9      | Found a white marble altar of Elyvilon.
 11432 | D:9      | Reached skill level 5 in Translocations
 11451 | D:9      | Reached skill level 10 in Conjurations
 11460 | D:9      | Reached skill level 5 in Evocations
 11552 | D:9      | Found a flagged portal.
 11573 | Bailey   | Entered a bailey
 11753 | Bailey   | Noticed Prince Ribbit
 11759 | Bailey   | Noticed a vault guard
 11769 | Bailey   | Killed a vault guard
 11770 | Bailey   | Reached skill level 5 in Polearms
 11776 | Bailey   | Killed Prince Ribbit
 11777 | Bailey   | Reached XP level 11. HP: 92/92 MP: 10/18
 11974 | Bailey   | Noticed a vault guard
 11981 | Bailey   | Killed a vault guard
 12345 | D:9      | Found a staircase to the Orcish Mines.
 12376 | D:9      | Found a burning altar of Makhleb.
 12711 | D:10     | Entered Level 10 of the Dungeon
 13372 | D:10     | Found Weproiq's Weapon Boutique.
 13793 | D:11     | Found Decsat's General Store.
 13807 | D:11     | Bought a scroll of poison for 64 gold pieces
 13807 | D:11     | Bought a potion of brilliance for 64 gold pieces
 13807 | D:11     | Bought a wand of iceblast (3) for 115 gold pieces
 13807 | D:11     | Bought a scroll of brand weapon for 152 gold pieces
 13812 | D:11     | Found a portal to a secret trove of treasure.
 13891 | D:11     | Found a frozen archway.
 13928 | IceCv    | Entered an ice cave
 14281 | IceCv    | Reached skill level 1 in Shields
 14900 | IceCv    | Noticed an ice dragon
 14910 | IceCv    | Killed an ice dragon
 14915 | IceCv    | Reached skill level 5 in Shields
 14971 | IceCv    | Identified the amulet of the Stallion {Faith rPois Dex+2}
 15203 | D:11     | Noticed a two-headed ogre
 15209 | D:11     | Killed a two-headed ogre
 15210 | D:11     | Reached XP level 12. HP: 101/101 MP: 9/19
 15232 | D:11     | Found Axkiudd's Antique Weapon Emporium.
 15244 | D:11     | Bought a fading trident for 153 gold pieces
 15244 | D:11     | Identified the +5 trident of the Middle {venom, rF++} (You
                  | bought it in a shop on level 11 of the Dungeon)
 15397 | D:11     | Noticed a death yak
 15397 | D:11     | Noticed a death yak
 15462 | D:11     | Noticed a death yak
 15495 | D:11     | Killed a death yak
 15497 | D:11     | Killed a death yak
 15514 | D:11     | Killed a death yak
 15644 | D:11     | Found a staircase to the Lair.
 15677 | D:11     | Found Wemyriuc's Assorted Antiques.
 15686 | D:11     | Bought a scroll of identify for 68 gold pieces
 15686 | D:11     | Bought a scroll labelled YCAOROLUVO for 34 gold pieces
 15686 | D:11     | Bought a wand of charming (5) for 408 gold pieces
 15686 | D:11     | Bought a potion of heal wounds for 170 gold pieces
 15696 | D:11     | Identified a scroll of acquirement
 15697 | D:11     | Acquired the +2 hat "Vaoxku" {rPois Str+6}
 15756 | D:11     | Bought a Trismegistus Codex for 390 gold pieces
 15759 | Lair:1   | Entered Level 1 of the Lair of Beasts
 15812 | Lair:1   | Reached skill level 1 in Ice Magic
 15826 | Lair:1   | Reached skill level 1 in Air Magic
 15925 | Lair:1   | Identified the +7 spear of the Grey Skies {freeze, Str+4
                  | Dex+3}
 16148 | Lair:1   | Reached skill level 2 in Air Magic
 16180 | Lair:1   | Learned a level 5 spell: Freezing Cloud
 16699 | Lair:1   | Reached skill level 3 in Air Magic
 17239 | Lair:2   | Found a staircase to the Snake Pit.
 17269 | Lair:2   | Reached XP level 13. HP: 111/111 MP: 14/22
 17274 | Lair:2   | Reached skill level 5 in Ice Magic
 17539 | Lair:2   | Learned a level 2 spell: Blink
 17670 | Lair:2   | Reached skill level 4 in Air Magic
 18224 | Lair:3   | Found a staircase to the Swamp.
 18458 | Lair:3   | Reached skill level 5 in Dodging
 18564 | Lair:3   | Reached skill level 5 in Air Magic
 19141 | Lair:4   | Reached skill level 10 in Fighting
 19790 | Lair:4   | Reached skill level 6 in Air Magic
 20039 | Lair:5   | Entered Level 5 of the Lair of Beasts
 20044 | Lair:5   | Noticed Sonja
 20077 | Lair:5   | Noticed Rupert
 20090 | Lair:5   | Killed Rupert
 20317 | Lair:5   | Reached XP level 14. HP: 121/121 MP: 15/23
 20333 | Lair:5   | Reached skill level 7 in Air Magic
 20564 | Lair:5   | Found a viscous altar of Jiyva.
 20565 | Lair:5   | Found a staircase to the Slime Pits.
 20795 | Lair:5   | Sonja changed into Sonja the queen bee
 20795 | Lair:5   | Noticed Sonja
 20807 | Lair:5   | Killed Sonja the queen bee
 20834 | Lair:5   | Reached skill level 8 in Air Magic
 21195 | Lair:5   | Identified the +7 long sword of Domuw {drain, Dex+7}
 21367 | Lair:5   | Reached skill level 9 in Air Magic
 21730 | Lair:5   | Learned a level 5 spell: Arcjolt
 21919 | D:11     | Bought a scroll labelled JITI NARAANAE for 24 gold pieces
 21919 | D:11     | Bought a runed cloak for 180 gold pieces
 21984 | Orc:1    | Entered Level 1 of the Orcish Mines
 21984 | Orc:1    | Found Assidukk's Distillery.
 22025 | Orc:1    | Found a dark tunnel.
 22053 | Volcano  | Entered a volcano
 22165 | Volcano  | Found a radiant altar of Vehumet.
 22511 | Orc:1    | Reached skill level 10 in Polearms
 22570 | Orc:1    | Bought a potion of invisibility for 80 gold pieces
 22570 | Orc:1    | Bought a potion of cancellation for 80 gold pieces
 23019 | Orc:2    | Entered Level 2 of the Orcish Mines
 23530 | Orc:2    | Reached skill level 5 in Stealth
 23878 | Orc:2    | Found a staircase to the Elven Halls.
 24165 | Orc:2    | Noticed an orc warlord
 24177 | Orc:2    | Killed an orc warlord
 24381 | Orc:2    | Reached XP level 15. HP: 128/128 MP: 18/27
 24426 | Orc:2    | Found Huriopt's Magic Scroll Shop.
 24436 | Orc:2    | Bought a scroll of acquirement for 780 gold pieces
 24436 | Orc:2    | Acquired the +4 pair of boots of Vouf {Rampage rCorr Str+5
                  | Int+2}
 24560 | Orc:2    | Found Viricka's Distillery.
 24564 | Orc:2    | Reached skill level 10 in Air Magic
 24597 | Orc:2    | Bought a potion of resistance for 100 gold pieces
 24995 | Orc:2    | Found Retaonelup's Assorted Antiques.
 25027 | Orc:2    | Found Oceaxeaz's Distillery.
 25046 | Orc:2    | Bought a potion of enlightenment for 75 gold pieces
 25046 | Orc:2    | Bought 2 potions of invisibility for 240 gold pieces
 25582 | D:11     | Bought the ring "Toitac" {rC+ Will+ Str+5} for 481 gold
                  | pieces
 25582 | D:11     | Bought a box of beasts for 400 gold pieces
 25675 | D:12     | Identified the +5 longbow of the Jolly Violins {drain, Fly
                  | Will+ Int+3}
 26123 | D:12     | Identified the +0 steam dragon scales of Elyvilon's Delight
                  | {rPois}
 26707 | D:13     | Noticed Josephine
 26711 | D:13     | Killed Josephine
 27000 | D:13     | You fall into a shaft and drop 2 floors!
 27000 | D:15     | Entered Level 15 of the Dungeon
 27255 | D:15     | Found a gate leading to a gauntlet.
 27270 | Gauntlet | Entered a Gauntlet
 27270 | Gauntlet | Found the +8 lance "Wyrmbane" {slay drac, rPois rF+ rC+
                  | AC+3}
 27270 | Gauntlet | Found a transporter.
 27270 | Gauntlet | Found a transporter.
 27270 | Gauntlet | Found a transporter.
 27274 | Gauntlet | Found a transporter.
 27285 | Gauntlet | Found a transporter.
 27293 | Gauntlet | Found a transporter.
 27299 | Gauntlet | Found a transporter.
 27303 | Gauntlet | Found a transporter.
 27323 | Gauntlet | Found a transporter.
 27344 | Gauntlet | Found a transporter.
 27369 | Gauntlet | Found a transporter.
 27442 | Gauntlet | Found a transporter.
 27563 | Gauntlet | Reached skill level 10 in Evocations
 27624 | Gauntlet | Reached skill level 11 in Air Magic
 27813 | D:14     | Identified the +1 shortbow "Viaz" {freeze, Will+ Int+4}
 28337 | D:14     | Found a gate to the Vaults.
 28764 | D:14     | Found a runed translucent gate.
 28765 | D:14     | Found a runed translucent gate.
 28765 | D:14     | Noticed Onasuila's ghost (journeyman HOFi)
 28767 | D:14     | Found a runed translucent gate.
 28767 | D:14     | Identified the +7 chain mail "Ross" {rN+ Stlth+}
 28771 | D:14     | Identified the +0 leather armour of Inviolability {rPois
                  | SInv}
 28799 | D:14     | Killed Onasuila's ghost
 28811 | D:14     | Reached XP level 16. HP: 104/139 MP: 5/28
 29145 | D:15     | Reached skill level 12 in Air Magic
 29359 | D:15     | Found a staircase to the Depths.
 30105 | Orc:2    | Bought a potion of brilliance for 40 gold pieces
 30105 | Orc:2    | Bought a potion of haste for 100 gold pieces
 30161 | Orc:2    | Bought a potion of brilliance for 60 gold pieces
 30330 | Snake:1  | Entered Level 1 of the Snake Pit
 30359 | Snake:1  | Reached skill level 13 in Air Magic
 30876 | Snake:1  | Found Fiyf's Armour Boutique.
 31509 | Snake:1  | Learned a level 4 spell: Airstrike
 32270 | Snake:1  | Bought a +1 cloak of willpower for 247 gold pieces
 33097 | Snake:3  | Reached skill level 14 in Air Magic
 33202 | Snake:3  | Noticed Louise
 33213 | Snake:3  | Killed Louise
 33814 | Snake:4  | Entered Level 4 of the Snake Pit
 34346 | Snake:4  | Reached XP level 17. HP: 150/150 MP: 13/30
 34405 | Snake:4  | Learned a level 4 spell: Summon Lightning Spire
 34471 | Snake:4  | Reached skill level 10 in Spellcasting
 34709 | Snake:4  | Reached skill level 15 in Air Magic
 35038 | Snake:4  | Reached skill level 16 in Air Magic
 35242 | Snake:4  | Got a serpentine rune of Zot
 35541 | Swamp:1  | Entered Level 1 of the Swamp
 35541 | Swamp:1  | Noticed a tentacled monstrosity
 35564 | Lair:3   | Killed a tentacled monstrosity
 37531 | Swamp:3  | Found a transporter.
 37657 | Swamp:3  | Found a transporter.
 37899 | Swamp:3  | Reached XP level 18. HP: 157/160 MP: 14/32
 38260 | Swamp:3  | Identified the +1 pair of gloves of Intercession {*Slow
                  | rPois Str-3 Dex+8}
 38262 | Swamp:3  | Identified the amulet "Hodad" {Reflect rPois rN+ SH+5}
 38269 | Swamp:3  | Acquired 458 gold pieces
 38384 | Swamp:4  | Entered Level 4 of the Swamp
 38687 | Swamp:4  | Reached skill level 10 in Shields
 38748 | Swamp:4  | Reached skill level 17 in Air Magic
 38761 | Swamp:4  | Learned a level 8 spell: Maxwell's Capacitive Coupling
 38914 | Swamp:4  | Identified the +0 leather armour of the Armoured One {rF+}
 39245 | Swamp:4  | Noticed the 27-headed Lernaean hydra
 39259 | Swamp:4  | Killed the 27-headed Lernaean hydra
 39413 | Swamp:4  | Got a decaying rune of Zot
 40369 | Elf:1    | Entered Level 1 of the Elven Halls
 40656 | Elf:1    | Reached skill level 18 in Air Magic
 41161 | Elf:1    | Got the Collected Works on Assistive Concussion
 41166 | Elf:1    | Acquired the +0 pair of gloves of Limm {Will+ SInv}
 42386 | Elf:2    | Found a runed translucent gate.
 42388 | Elf:2    | Found a runed translucent gate.
 42388 | Elf:2    | Found a runed translucent gate.
 42411 | Elf:2    | Reached XP level 19. HP: 166/168 MP: 9/35
 43108 | Elf:3    | Entered Level 3 of the Elven Halls
 43418 | Elf:3    | Found an ancient bone altar of Kikubaaqudgha.
 43697 | Elf:3    | Reached skill level 15 in Fighting
 44241 | Elf:3    | Reached skill level 10 in Dodging
 44258 | Elf:3    | Reached skill level 19 in Air Magic
 44534 | Elf:3    | Identified the ring "Evadigur" {rPois rN+ Str+6 Int+2}
 44586 | Elf:3    | Identified the ring "Ushraone" {rElec AC+4}
 44894 | Elf:3    | Found the +2 pair of slick slippers {slick, slippery, EV+4}
 44897 | Elf:3    | Identified the +0 robe of the Pleiades {rN+ Regen+ rCorr}
 44987 | Elf:3    | Identified the +3 sling of Focus {heavy, Int+2}
 44995 | Elf:3    | Identified the staff "Bovoa" {rC+ rN+ Str+2 Dex+4 Necro}
 45007 | Elf:3    | Identified the +4 whip of Sulphur {speed, rF- Will+ Str+5}
 45015 | Elf:3    | Identified the ring of Kuor {Fire Dex+5}
 45201 | Orc:1    | Bought a potion of magic for 80 gold pieces
 45201 | Orc:1    | Bought a potion of heal wounds for 50 gold pieces
 45201 | Orc:1    | Bought a potion of heal wounds for 50 gold pieces
 45201 | Orc:1    | Bought a potion of heal wounds for 50 gold pieces
 45228 | Orc:2    | Bought a potion of magic for 232 gold pieces
 45228 | Orc:2    | Bought a potion of brilliance for 116 gold pieces
 45238 | Orc:2    | Bought a potion of magic for 120 gold pieces
 45238 | Orc:2    | Bought a potion of magic for 120 gold pieces
 45324 | D:11     | Bought a potion of haste for 240 gold pieces
 45327 | D:11     | Bought Ozocubu's Autobiography for 360 gold pieces
 45435 | Vaults:1 | Entered Level 1 of the Vaults
 46155 | Vaults:1 | Reached XP level 20. HP: 179/180 MP: 2/36
 46702 | Vaults:1 | Reached skill level 10 in Ice Magic
 46944 | Vaults:1 | Found Afren's Weapon Emporium.
 47430 | Vaults:1 | Reached skill level 20 in Air Magic
 48088 | Vaults:1 | Learned a level 7 spell: Ozocubu's Refrigeration
 48091 | Vaults:1 | Learned a level 2 spell: Passwall
 48201 | Vaults:2 | Found a flickering gateway to a bazaar.
 48220 | Bazaar   | Entered a bazaar
 48220 | Bazaar   | Found Mioleol's Antique Weapon Emporium.
 48227 | Bazaar   | Found Cicitz's General Store.
 48232 | Bazaar   | Found Lepret's Antique Armour Shop.
 48257 | Bazaar   | Found Wionea's Jewellery Boutique.
 48262 | Bazaar   | Found Baulec's Distillery.
 48265 | Bazaar   | Bought the ring "Wunenu" {rF+ rCorr AC+4} for 667 gold
                  | pieces
 48273 | Bazaar   | Bought a potion of heal wounds for 55 gold pieces
 48273 | Bazaar   | Bought a potion of heal wounds for 55 gold pieces
 48273 | Bazaar   | Bought a potion of heal wounds for 55 gold pieces
 48273 | Bazaar   | Bought a potion of cancellation for 88 gold pieces
 49531 | Vaults:2 | Found a staircase to the Crypt.
 50348 | Vaults:3 | Paralysed by a formless jellyfish for 1 turns
 50354 | Vaults:3 | Reached XP level 21. HP: 146/188 MP: 25/39
 51590 | Vaults:3 | Reached skill level 15 in Ice Magic
 51591 | Vaults:3 | You fall into a shaft and drop 1 floor!
 52648 | Vaults:3 | Identified the +2 robe "Fejel" {Harm rF++ Str-3 Int+2}
 53502 | Vaults:5 | Entered Level 5 of the Vaults
 53759 | Vaults:5 | Noticed a golden dragon
 53771 | Vaults:5 | Killed a golden dragon
 54240 | Vaults:5 | Reached XP level 22. HP: 197/198 MP: 14/40
 54621 | Vaults:5 | Identified the +7 hand axe "Woeje" {antimagic, Dex+2}
 54661 | Vaults:5 | Noticed a golden dragon
 54677 | Vaults:5 | Killed a golden dragon
 55012 | Vaults:5 | Noticed a golden dragon
 55028 | Vaults:5 | Killed a golden dragon
 55371 | Vaults:5 | Got Ifuotogece's Hermetics and You
 55498 | Vaults:5 | Identified the +9 flail "Newtslayer" {heavy, rElec Dex+5}
 55682 | Vaults:5 | Reached skill level 15 in Shields
 56038 | Vaults:5 | Identified the +0 pair of boots of Pride {*Corrode rElec
                  | rPois Slay+2}
 56076 | Vaults:5 | Noticed a golden dragon
 56080 | Vaults:5 | Killed a golden dragon
 56459 | Vaults:5 | Got a silver rune of Zot
 56721 | Vaults:5 | Learned a level 4 spell: Passage of Golubria
 56723 | Vaults:5 | Learned a level 1 spell: Apportation
 57036 | D:11     | Bought a scroll of fear for 52 gold pieces
 57036 | D:11     | Bought 3 scrolls of immolation for 156 gold pieces
 57036 | D:11     | Bought a scroll of vulnerability for 52 gold pieces
 57036 | D:11     | Bought a scroll of enchant weapon for 97 gold pieces
 57038 | D:11     | Bought a scroll of enchant weapon for 135 gold pieces
 57255 | D:11     | You paid a toll of a +6 demon whip to enter a treasure
                  | trove
 57256 | Trove    | Entered a treasure trove
 57267 | Trove    | Identified the ring of Kunozez {rElec rN+}
 57272 | Trove    | Identified the ring "Jezomod" {rElec rF+ Will+ Dex+6}
 57274 | Trove    | Identified the ring of Vibbymio {rC+ rN++ Str+3 Dex+6}
 57276 | Trove    | Identified the ring "Buck" {+Blink rCorr}
 57388 | Depths:1 | Entered Level 1 of the Depths
 57445 | Depths:1 | Found a gateway to Hell.
 58034 | Depths:1 | Reached skill level 15 in Spellcasting
 58179 | Depths:1 | You fall into a shaft and drop 1 floor!
 58257 | Depths:1 | Identified the staff "Itoaf" {rC- rN+ Dex+5 Necro}
 58262 | Depths:1 | Identified the staff of Intimidation {rPois rF+ Fire}
 58310 | Depths:1 | Found the +0 pair of fencer's gloves {Riposte Dex+3}
 58394 | Depths:1 | Identified the ring "Imac" {rC+ Str+2 SInv}
 58601 | Depths:1 | Identified the +6 shortbow of Ambiguity {elec, rC- Str-3
                  | Int+9 Dex+2}
 59452 | Depths:2 | Identified the +5 shortbow of the Enchanted Forest {speed,
                  | *Corrode Str+2 Dex+3}
 59476 | Depths:2 | Reached XP level 23. HP: 211/211 MP: 4/42
 59578 | Depths:2 | Identified the amulet "Asaac" {rN++ Regen+}
 59650 | Depths:2 | Found a one-way gate leading to the halls of Pandemonium.
 59662 | Depths:2 | Found a shimmering blue altar of Sif Muna.
 60640 | Depths:3 | Found a transporter.
 60707 | Depths:3 | Found a transporter.
 60722 | Depths:3 | Identified the ring of Democracy {rPois rF+}
 61222 | Depths:3 | Found a basalt altar of Yredelemnul.
 61324 | Depths:3 | Noticed a juggernaut
 61327 | Depths:3 | Noticed Sojobo
 61344 | Depths:3 | Noticed a juggernaut
 61352 | Depths:3 | Killed a juggernaut
 61532 | Depths:3 | Found a hide-covered altar of Uskayaw.
 61561 | Depths:3 | Killed a juggernaut
 61605 | Depths:3 | Killed Sojobo
 61682 | Depths:3 | Found a one-way gate to the infinite horrors of the Abyss.
 61716 | Depths:3 | Identified the ring of Creativity {Wiz Will+ rCorr Int+2
                  | Dex-4}
 61833 | Depths:3 | Reached skill level 21 in Air Magic
 62041 | Depths:3 | Identified the ring "Puschukk" {rElec rCorr Str+2 Dex+6
                  | Slay-4}
 62224 | Depths:4 | Entered Level 4 of the Depths
 62228 | Depths:4 | Found a one-way gateway to a ziggurat.
 62338 | Depths:4 | Found Ruigi's Magic Scroll Shoppe.
 62346 | Depths:4 | Bought a scroll of fog for 88 gold pieces
 62346 | Depths:4 | Bought a scroll of blinking for 165 gold pieces
 62346 | Depths:4 | Bought 3 scrolls of teleportation for 198 gold pieces
 62346 | Depths:4 | Found Diumapto's Weapon Emporium.
 62376 | Depths:4 | Found a sparkling altar of Nemelex Xobeh.
 62957 | Depths:4 | Found a gate to the Realm of Zot.
 63179 | Depths:4 | Reached skill level 22 in Air Magic
 63582 | Depths:4 | Reached XP level 24. HP: 193/224 MP: 36/42
 63918 | Zot:1    | Entered Level 1 of the Realm of Zot
 63949 | Zot:1    | Noticed a dread lich
 63959 | Depths:4 | Killed a dread lich
 64227 | Zot:1    | Reached skill level 23 in Air Magic
 64579 | Zot:1    | Identified the +2 pair of gloves of Vaicugga {Rampage Str-5
                  | Int-2 Stlth+}
 65713 | Zot:2    | Reached skill level 24 in Air Magic
 65948 | Zot:2    | Identified the amulet of Ithokk {Reflect rPois Str+5 Int+4
                  | SH+5}
 66026 | Zot:2    | Identified the +4 whip "Arcanum" {protect, *Slow rPois
                  | rCorr Str+7}
 66236 | Zot:2    | Noticed an orb of fire
 66240 | Zot:2    | Killed an orb of fire
 67287 | Zot:3    | Found a runed translucent gate.
 67288 | Zot:3    | Found a runed translucent gate.
 67288 | Zot:3    | Found a runed translucent gate.
 67290 | Zot:3    | Noticed Netemen's ghost (master GnFi)
 67290 | Zot:3    | Noticed Sofait's ghost (legendary GnFE)
 67362 | Zot:3    | Identified the +3 mace "Noeclapt" {drain, rC+ Dex+5}
 67362 | Zot:3    | Noticed an orb of fire
 67391 | Zot:3    | Killed an orb of fire
 67394 | Zot:3    | Reached skill level 25 in Air Magic
 67559 | Zot:3    | Got the Anthology of The Black Sun
 68447 | Zot:3    | Killed Sofait's ghost
 68474 | Zot:3    | Killed Netemen's ghost
 68781 | Zot:4    | Noticed an orb of fire
 68785 | Zot:4    | Killed an orb of fire
 68851 | Zot:4    | Reached skill level 26 in Air Magic
 69248 | Zot:4    | Reached XP level 25. HP: 207/231 MP: 36/42
 69431 | Zot:4    | Noticed a Killer Klown
 69435 | Zot:4    | Killed a Killer Klown
 70515 | Zot:5    | Entered Level 5 of the Realm of Zot
 70688 | Zot:5    | Reached skill level 27 in Air Magic
 70962 | Zot:5    | Noticed an ancient lich
 70978 | Zot:5    | Noticed a Killer Klown
 71010 | Zot:5    | Killed a Killer Klown
 71033 | Zot:5    | Killed an ancient lich
 71055 | Zot:5    | Noticed an orb of fire
 71057 | Zot:5    | Noticed a Killer Klown
 71086 | Zot:5    | Noticed a Killer Klown
 71091 | Zot:5    | Noticed a Killer Klown
 71101 | Zot:5    | Killed a Killer Klown
 71164 | Zot:5    | Noticed an orb of fire
 71166 | Zot:5    | Got the Orb of Zot
 71207 | Zot:5    | Killed a Killer Klown
 71217 | Zot:5    | Killed an orb of fire
 71602 | D:8      | Noticed Jayf the pandemonium lord
 71780 | D:$      | Escaped with the Orb!

Illustrated notes

Levels and vault maps discovered:
D:1:      dpeg_cavernosity, layout_rooms
D:2:      layout_basic, shapermc_ecumenical_altar_flowoftime, uniq_natasha
D:3:      layout_loops_corners, lemuel_crystal_altar, serial_shops, shop,
          uniq_ijyb
D:4:      wad_pebble_path, layout_basic, mainiacjoe_overflow_cross_hatched,
          ebering_ghost_reflecting_pool, nicolae_figureground_pulse
D:5:      cheibrodos_quashed, layout_rooms
D:6:      layout_gridville, uniq_edmund
D:7:      layout_basic, amethyst_overflow_temple_binary,
          minmay_temple_entry_stoned_glass
D:8:      layout_loops_ring, evilmike_ruin_ashenzari, overflow_temple_1_default,
          zin_purify, serial_shops, shop, serial_bayou_lake_a, uniq_amaemon
D:9:      layout_rooms, lightli_temple_of_fire, nicolae_overflow_two_pavilions,
          zombieorc2_lemuel, enter_bailey_2, glass_columns_a
D:10:     layout_roguey, serial_shops, nicolae_shop_behind_doors,
          nicolae_benzene_ring
D:11:     layout_roguey, dpeg_lair_monsters, serial_shops, shop, shop,
          nicolae_shop_statue_plus, portal_ice_cave_entry_pillars_2,
          enter_trove_0
D:12:     layout_loops_ring
D:13:     layout_basic, small_statue_alley_a, uniq_josephine
D:14:     layout_roguey, grunt_vaults_entry_fortified,
          biasface_ghost_orc_armoury, hangedman_decor_points
D:15:     gammafunk_depths_entry_grave, layout_stronghold,
          gauntlet_entry_generic
Temple:   nicolae_temple_godzebo
Lair:1:   minmay_lair_venomous_thicket, layout_cave_pods, beast_lair_carwin_5
Lair:2:   beast_lair_carwin_large_2, layout_loops_ring,
          minmay_snake_entry_guardpost_medium, pdpol_lair_cavern_descent
Lair:3:   layout_misc_corridors, skrybe_swamp_entry_bodies, lemuel_fruit_tree
Lair:4:   layout_cellular_growth, chequers_serial_rivers_micro_d,
          serial_bayou_shore_a
Lair:5:   minmay_lair_end_frog_pond, layout_regular_city,
          minmay_slime_entry_eyes, infiniplex_staircase_pool_2, uniq_rupert,
          uniq_sonja
Swamp:1:  layout_falls_marsh, nicolae_swamp_some_circles
Swamp:2:  layout_falls_marsh, serial_swamp_ruin, evilmike_swamp_ruin_house_3,
          evilmike_swamp_ruin_house_4, evilmike_swamp_ruin_rubble_2,
          infiniplex_staircase_pool
Swamp:3:  gammafunk_worm_tunnel, layout_falls_marsh, hangedman_swamp_ruin_wall
Swamp:4:  grunt_swamp_rune_castle, layout_basic_swamp
Snake:1:  layout_grid_shapes, nicolae_take_the_stairs, nicolae_integral_box
Snake:2:  layout_grid_shapes, serial_bayou, serial_bayou_pond_a,
          serial_bayou_lagoon_a, serial_bayou_pond_c, serial_bayou_crossing,
          grunt_megastairs_3
Snake:3:  layout_misc_corridors, grunt_megastairs_2, uniq_louise
Snake:4:  johnstein_snake_rune_scales, layout_rooms,
          nicolae_snake_guarding_the_ruins, serial_bayou_shore_b
Orc:1:    layout_caves, nicolae_volcano_entry_batcave, serial_shops, shop,
          nicolae_orc_bridge_out
Orc:2:    pubby_orc_utopia
Elf:1:    layout_geoelf_grid, serial_sigils, serial_sigils_hangedman_gut,
          serial_sigils_hangedman_etch, serial_sigils_hangedman_stare,
          serial_sigils_hangedman_gut, minmay_elf_sorcery
Elf:2:    nicolae_elf_blades_crystal_corner, layout_geoelf_octagon
Elf:3:    elf_hall, layout_gridlike, basic_altar, grunt_megastairs_4
Vaults:1: nicolae_vaults_stairing_the_circle, nicolae_vaults_lightning_bolt,
          nicolae_vaults_weapon_check, nicolae_vaults_storage_closets_2,
          v_misc_26, nicolae_vaults_quartermaster,
          nicolae_vaults_taking_the_gang_shopping,
          nicolae_vaults_closet_pinwheel_1, nicolae_vaults_house_1,
          layout_vaults_chaotic_city
Vaults:2: hangedman_vaults_slither, hangedman_vaults_nails,
          blue_anna_dwarven_crypt, st_diamondy, ontoclasm_vaults_hangar,
          vaults_dpeg_ring, layout_vaults_omnicross, serial_shops,
          bzr_entry_dummy
Vaults:3: nicolae_vaults_closet_pinwheel_3, v_pattern_4, hangedman_vaults_nodes,
          nicolae_vaults_ninety_degrees, nicolae_vaults_trapezoid_4,
          nicolae_vaults_twisting_passages, hangedman_vaults_snaps,
          vaults_room_ringed_pool, ontoclasm_vaults_ring_small,
          vaults_room_semicircle, grunt_vaults_diagonal, layout_vaults_ring
Vaults:4: ontoclasm_vaults_fault, nicolae_vaults_network_barrier,
          nicolae_vaults_sesquioval_fish, nicolae_vaults_tetromino_L_2,
          nicolae_vaults_offset_grid_hallway_3, st_octagons_1,
          grunt_vaults_twisty, v_misc_22, hangedman_vaults_locks,
          nicolae_vaults_closet_pinwheel_2, nicolae_vaults_border_crossing,
          vaults_room_hallway, layout_vaults_maze
Vaults:5: serial_shops
Depths:1: layout_cave_shapes, hell_entry, grunt_decor_arrowhead,
          corexii_hall_statues_i, minmay_multi_spiral
Depths:2: minmay_the_grid_octo_2x2 [minmay_the_grid_octo_horde,
          minmay_the_grid_octo_tetromino_candy, minmay_the_grid_octo_empty,
          minmay_the_grid_octo_prize_single_spiral], layout_cave_shapes,
          nicolae_sif_muna_condensation, hell_entry, pan_entry,
          infiniplex_staircase_zigzag_5
Depths:3: hangedman_spin_cycle, abyss_entry, hell_entry
Depths:4: grunt_zot_entry_bicorn, layout_basic, enter_ziggurat_f,
          nemelex_lonely_heart_becter, grunt_mini_vestibule, minmay_shoptagon
Zot:1:    hellmonk_crystal_mountain, layout_twisted_circle, st_stairs_14,
          skrybe_zot_glass_2, uniq_josephina
Zot:2:    kennysheep_blocky_hall, layout_basic, st_single_dragon_hoard_3,
          grunt_ministairs_12
Zot:3:    dreamdust_black_sun_cult, layout_gridlike, gammafunk_ghost_cemetery
Zot:4:    layout_cathedral_of_symmetry
Zot:5:    layout_misc_corridors

Skill      XL: |  1  2  3  4  5  6  7  8  9 10 11 12 13 14 15 16 17 18 19 20 21 22 23 24 25 |
---------------+----------------------------------------------------------------------------+-----
Stealth        | 2 3 4 5 6 7 8 |  8.7
Fighting       | 1 2 3 5 7 8 9 10 12 13 14 16 18 20 | 20.5
Hexes          | 1 2 4 5 |  5.0
Spellcasting   | 3 5 6 8 9 10 12 14 15 | 15.0
Conjurations   | 5 7 9 10 11 12 | 12.0
Evocations     | 1 2 3 4 6 7 8 10 11 12 14 | 14.4
Translocations | 4 6 |  6.0
Polearms       | 3 5 9 10 12 | 12.0
Shields        | 5 6 9 10 13 14 15 16 | 16.0
Dodging        | 2 4 6 8 9 10 12 14 | 14.3
Ice Magic      | 4 8 9 14 16 | 16.0
Air Magic      | 3 6 9 11 14 16 18 19 20 22 26 27 | 27.0

Action                     |  1- 3 |  4- 6 |  7- 9 | 10-12 | 13-15 | 16-18 | 19-21 | 22-24 | 25-27 || total
---------------------------+-------+-------+-------+-------+-------+-------+-------+-------+-------++-------
  Melee: Unarmed           |     6 |       |       |       |       |       |       |       |       ||     6
         Tailslap          |     9 |     4 |     6 |    30 |    44 |    74 |   119 |    82 |    12 ||   380
         Dagger            |    30 |    29 |    21 |       |       |       |       |       |       ||    80
         Lance             |       |       |     7 |   228 |   214 |       |       |       |       ||   449
         Flail             |       |       |     7 |       |       |       |       |       |       ||     7
         Punch             |       |       |       |     2 |       |       |       |       |       ||     2
         Trident           |       |       |       |       |    15 |       |       |       |       ||    15
         Lance             |       |       |       |       |    69 |   480 |   603 |   489 |    47 ||  1688
         Staff             |       |       |       |       |       |    12 |     5 |       |       ||    17
  Throw: Stone             |     4 |       |       |       |       |       |       |       |       ||     4
         Dart              |       |    11 |    23 |    13 |     9 |       |     3 |       |       ||    59
   Cast: Magic Dart        |    78 |    86 |    59 |   127 |   394 |    52 |       |       |       ||   796
         Searing Ray       |     2 |    14 |    29 |    39 |    80 |    12 |       |       |       ||   176
         Fulminant Prism   |       |       |     8 |    23 |     7 |     7 |     5 |       |       ||    50
         Iskenderun's Myst |       |       |     4 |    29 |    65 |    43 |    29 |     4 |       ||   174
         Iskenderun's Batt |       |       |     1 |    35 |   111 |    18 |       |       |       ||   165
         Freezing Cloud    |       |       |       |     1 |    93 |   132 |    73 |    17 |       ||   316
         Arcjolt           |       |       |       |       |    30 |    43 |   105 |    51 |     3 ||   232
         Airstrike         |       |       |       |       |       |   423 |   335 |   101 |     5 ||   864
         Summon Lightning  |       |       |       |       |       |    34 |    15 |     2 |       ||    51
         Blink             |       |       |       |       |       |     1 |       |       |       ||     1
         Maxwell's Capacit |       |       |       |       |       |       |    15 |   129 |    26 ||   170
         Ozocubu's Refrige |       |       |       |       |       |       |    63 |   229 |    18 ||   310
         Passwall          |       |       |       |       |       |       |       |     4 |       ||     4
         Passage of Golubr |       |       |       |       |       |       |       |     3 |       ||     3
         Apportation       |       |       |       |       |       |       |       |     1 |     3 ||     4
 Invoke: Call Merchant     |       |       |       |     1 |     3 |       |     1 |       |       ||     5
         Potion Petition   |       |       |       |       |       |       |       |     1 |       ||     1
         Bribe Branch      |       |       |       |       |       |       |       |       |     5 ||     5
Ability: Breathe Steam     |       |       |    29 |    43 |    14 |     9 |       |     1 |       ||    96
  Evoke: Wand              |       |     1 |    13 |    14 |    16 |     3 |     5 |     8 |     4 ||    64
         Box of beasts     |       |       |       |       |     1 |       |       |       |       ||     1
         Lightning rod     |       |       |       |       |       |       |       |     4 |       ||     4
         Condenser vane    |       |       |       |       |       |       |       |     1 |       ||     1
    Use: Scroll            |     2 |     6 |     4 |     9 |     8 |     6 |     3 |    16 |     1 ||    55
         Potion            |       |     1 |       |     5 |     2 |     5 |    11 |     3 |     4 ||    31
   Stab: Sleeping          |       |     5 |       |     1 |     5 |     2 |    10 |     9 |       ||    32
         Distracted        |       |       |       |       |     3 |     3 |     8 |    10 |     2 ||    26
 Armour: Skin              |    17 |    13 |    33 |    97 |   137 |   136 |   139 |   102 |     4 ||   678
  Dodge: Dodged            |    24 |    25 |    59 |    96 |   215 |   230 |   143 |   251 |    24 ||  1067
  Block: Buckler           |       |       |       |    16 |    60 |    72 |       |       |       ||   148
         Kite shield       |       |       |       |       |       |    10 |   251 |   302 |    28 ||   591

Table legend: (Time is in decaauts)
 A = Elapsed time spent in this place.
 B = Non-inter-level travel time spent in this place.
 C = Inter-level travel time spent in this place.
 D = Time resting spent in this place.
 E = Time spent auto-exploring this place.
 F = Levels seen in this place.
 G = Mean time per level.
                   A        B        C        D        E       F      G
               +--------+--------+--------+--------+--------+-----+--------+
         Total |  71410 |  64791 |   6619 |  13927 |  29907 |  54 | 1322.4 |
       Dungeon |  19814 |  16408 |   3406 |   3318 |   6512 |  15 | 1320.9 |
        Temple |     66 |      2 |     64 |      0 |      0 |   1 |   66.0 |
          Lair |   6615 |   5933 |    682 |    530 |   3992 |   5 | 1323.0 |
         Swamp |   4743 |   4479 |    264 |   1029 |   2113 |   4 | 1185.8 |
     Snake Pit |   4773 |   4470 |    303 |   1168 |   1740 |   4 | 1193.2 |
  Orcish Mines |   3683 |   2996 |    687 |    516 |   1024 |   2 | 1841.5 |
   Elven Halls |   4486 |   4253 |    233 |   1662 |   1464 |   3 | 1495.3 |
        Vaults |  11113 |  10661 |    452 |   2245 |   5635 |   5 | 2222.6 |
        Depths |   6494 |   6223 |    271 |   1462 |   3156 |   4 | 1623.5 |
           Zot |   7181 |   6927 |    254 |   1298 |   4081 |   5 | 1436.2 |
        Bazaar |     60 |     60 |      0 |      0 |      0 |   1 |   60.0 |
         Trove |     29 |     29 |      0 |      0 |      0 |   1 |   29.0 |
        Bailey |    489 |    489 |      0 |     97 |     28 |   1 |  489.0 |
      Ice Cave |   1121 |   1121 |      0 |    500 |    159 |   1 | 1121.0 |
       Volcano |    345 |    345 |      0 |     97 |      0 |   1 |  345.0 |
      Gauntlet |    389 |    389 |      0 |      3 |      0 |   1 |  389.0 |
               +--------+--------+--------+--------+--------+-----+--------+

Top non-repeatable levels by time:
Vaults:5: 3175 daAuts
   Orc:2: 2896 daAuts
Vaults:1: 2629 daAuts
   Elf:3: 2003 daAuts
     D:2: 2003 daAuts
   Zot:4: 1898 daAuts
Vaults:3: 1876 daAuts
 Swamp:4: 1818 daAuts
Depths:3: 1814 daAuts
Depths:4: 1793 daAuts
   Zot:3: 1776 daAuts
  Lair:5: 1766 daAuts
Vaults:2: 1754 daAuts
   Zot:2: 1710 daAuts
Vaults:4: 1678 daAuts
